Map: Overgrowth LE

Players

Patience

  • Race: Terran Terran
  • Spawn Location: 7:00

Stats - Winner!

  • Race: Protoss Protoss
  • Spawn Location: 1:00

Event: IEM Season 11 - Gyeonggi

VOD

Have the link to the VOD?

Description

Time

  • Played on: Dec. 14, 2016, 7:31 p.m.
  • Length: 16:32

All games in this series

Show
View Real Time Build Order
Export as new Build Order

Patience Terran 

Build Orders: Reaper Expand, MMM Bio 

Get SALT Encoding   

  12  0:00  SCV  
  13  0:12  SCV  
  14  0:17  Supply Depot  
  14  0:24  SCV  
  14  0:27  Refinery  
  15  0:38  SCV  
  16  0:43  Barracks  
  16  0:50  SCV  
  17  1:02  SCV  
  18  1:15  SCV  
  19  1:30  Orbital Command, Reaper  
  20  1:40  Command Center  
  20  1:50  Factory  
  20  1:55  SCV  
  20  1:59  Refinery  
  21  2:06  Barracks Reactor  
  21  2:07  SCV  
  22  2:12  Supply Depot  
  22  2:19  SCV  
  22  2:31  SCV  
  22  2:35  Starport  
  22  2:36  Widow Mine  
  23  2:42  Marine  
  23  2:43  Marine, SCV  
  28  2:52  Orbital Command  
  28  2:56  SCV  
  29  3:01  Marine  
  29  3:02  Marine  
  29  3:05  Widow Mine  
  31  3:12  SCV  
  34  3:19  Medivac  
  36  3:20  Marine x2  
  36  3:21  SCV  
  36  3:24  SCV  
  36  3:26  Barracks  
  40  3:31  Supply Depot  
  40  3:35  SCV  
  40  3:36  SCV  
  40  3:38  Factory Tech Lab  
  42  3:41  Marine x2  
  42  3:47  SCV  
  42  3:48  SCV  
  46  3:57  Supply Depot  
  46  3:58  Siege Tank  
  46  3:59  SCV  
  46  4:00  SCV  
  51  4:04  Marine x2  
  51  4:07  Engineering Bay  
  53  4:11  SCV  
  53  4:12  Refinery  
  53  4:14  Refinery, Barracks Tech Lab  
  54  4:19  SCV  
  54  4:23  SCV  
  56  4:24  Supply Depot  
  56  4:31  SCV, Siege Tank  
  55  4:33  Stimpack  
  53  4:38  Barracks  
  53  4:42  SCV  
  53  4:43  SCV  
  53  4:45  Missile Turret  
  55  4:48  Starport Reactor  
  55  4:49  Terran Infantry Weapons Level 1  
  55  4:54  SCV  
  55  4:55  SCV  
  57  5:00  Supply Depot  
  57  5:02  Marine x2  
  57  5:03  Marine  
  57  5:06  SCV  
  61  5:11  Factory Reactor  
  61  5:16  SCV  
  61  5:18  SCV  
  61  5:20  Marine x2  
  67  5:21  Marauder  
  67  5:25  Supply Depot  
  67  5:26  Supply Depot  
  67  5:28  SCV  
  67  5:30  SCV  
  63  5:36  Marine  
  63  5:37  Marine, Medivac  
  63  5:38  Marine  
  63  5:40  SCV  
  57  5:53  Marine  
  57  5:54  Marine  
  57  5:55  Marine  
  57  5:56  Medivac  
  62  5:59  SCV x2  
  62  6:02  Liberator, Combat Shields  
  62  6:03  Marine  
  65  6:05  Widow Mine  
  65  6:08  Widow Mine  
  65  6:09  Liberator  
  70  6:11  SCV  
  70  6:15  Marauder x2  
  74  6:20  SCV  
  74  6:23  SCV  
  82  6:34  Supply Depot  
  82  6:36  Missile Turret  
  82  6:37  Marine, Marauder x2  
  82  6:39  Marine  
  88  6:41  Widow Mine x2  
  88  6:44  SCV  
  88  6:45  Concussive Shells  
  93  6:49  Terran Infantry Armor Level 1  
  93  6:50  SCV  
  94  6:55  Supply Depot  
  94  6:56  Supply Depot  
  94  6:58  SCV  
  97  7:08  Marine x2, Marauder  
  97  7:09  Marauder  
  101  7:26  Marine  
  101  7:27  Widow Mine x2  
  101  7:28  Marine  
  101  7:29  Medivac  
  110  7:30  Marauder x2  
  110  7:31  Medivac  
  114  7:38  Supply Depot x2  
  114  7:44  Marine  
  106  7:47  Marine  
  96  7:51  Marauder  
  96  7:57  Marauder  
  98  7:59  SCV x2  
  98  8:02  Marine, Medivac x2  
  107  8:13  Marauder  
  107  8:14  Command Center  
  107  8:17  SCV  
  108  8:21  Marauder  
  110  8:28  Widow Mine x2  
  110  8:29  SCV  
  110  8:30  SCV  
  118  8:34  Marauder  
  118  8:36  Barracks  
  118  8:38  Barracks  
  118  8:43  Marine  
  118  8:44  Marauder  
  118  8:48  Medivac  
  121  8:55  Medivac  
  121  9:01  Marine, Marauder  
  110  9:05  Marauder  
  110  9:08  Marine  
  106  9:12  Widow Mine x2  
  106  9:14  SCV  
  106  9:15  SCV, Liberator x2  
  112  9:23  Marauder  
  109  9:30  Marine x2, Marauder  
  105  9:31  Barracks Tech Lab  
  105  9:32  Barracks Reactor  
  105  9:38  Orbital Command  
  111  9:44  Marauder  
  111  9:50  SCV x2  
  111  9:52  Marauder x2, Marine  
  108  9:54  Marine  
  108  9:59  Liberator x2  
  110  10:05  Marauder, Widow Mine x2  
  116  10:10  Marine  
  116  10:11  Armory  
  116  10:14  Marauder  
  119  10:18  Marine  
  119  10:19  Marine  
  119  10:20  Marine  
  128  10:24  Marauder  
  128  10:26  SCV  
  128  10:27  Marauder  
  133  10:32  Supply Depot  
  133  10:38  Marine  
  133  10:39  Marine, Marauder  
  133  10:42  Liberator  
  137  10:46  Marauder  
  137  10:49  Marine  
  92  10:50  Marauder, Liberator  
  141  10:51  Widow Mine x2  
  144  10:58  SCV  
  144  10:59  Supply Depot, Terran Infantry Weapons Level 2  
  144  11:00  Marauder, Supply Depot  
  151  11:18  Refinery, Engineering Bay  
  151  11:19  Refinery  
  151  11:25  Liberator  
  151  11:30  Marauder  
  151  11:32  Liberator  
  146  11:39  Marine, Marauder  
  146  11:40  Marauder  
  146  11:45  SCV x3  
  142  11:52  Marauder  
  147  11:56  Marine x2  
  147  12:01  Marauder x2  
  153  12:04  Marine  
  154  12:13  Marine, Marauder  
  154  12:14  Marine  
  144  12:15  Marine  
  144  12:22  Marine, Marauder x2  
  127  12:26  Liberator  
  127  12:27  Liberator  
  117  12:31  Marine  
  117  12:32  Marine  
  117  12:33  Marine  
  117  12:35  Marauder  
  105  12:40  Marine  
  105  12:44  Marauder x2  
  106  12:49  Marine, Terran Infantry Armor Level 2  
  106  12:50  Marine  
  105  12:51  Marine  
  105  12:53  Widow Mine  
  105  12:56  Marauder  
  105  12:58  Marine  
  111  13:04  Marine  
  111  13:05  Marine  
  98  13:06  Marine, SCV  
  98  13:08  Marine  
  98  13:09  Marine, Liberator  
  98  13:11  SCV  
  89  13:15  Marine  
  89  13:17  Marauder  
  77  13:22  Marine x2  
  80  13:30  Marine x2  
  80  13:31  Liberator  
  80  13:33  Marine  
  82  13:36  Marine  
  82  13:38  Marine  
  82  13:40  Marine x2  
  78  13:52  Liberator  
  72  13:57  SCV x3  
  72  14:02  Marine  
  70  14:08  Marine x2  
  70  14:09  SCV  
  76  14:14  Widow Mine x2  
  76  14:15  Marine, Liberator  
  81  14:19  Marauder  
  81  14:20  Marine  
  84  14:25  Marauder  
  86  14:34  Marine  
  86  14:35  Marauder, Liberator  
  90  14:47  Marine, Marauder  
  90  14:49  Widow Mine  
  98  14:53  Widow Mine  
  98  14:54  Marine  
  92  15:07  Marine x2, Marauder x2  
  95  15:17  Medivac  
  97  15:27  Marauder  
  99  15:29  Marauder  
  99  15:31  Liberator  
  99  15:35  Medivac  
  103  15:36  Widow Mine x2  
  103  15:40  Marine  
  111  15:51  SCV x2  
  111  15:55  SCV  
  104  16:06  Marine  
  104  16:08  Marine  
  83  16:14  Marine  
Show
View Real Time Build Order
Export as new Build Order

Stats Protoss - Winner!

Build Orders: 1 Gate Expand, Colossus Rush 

Get SALT Encoding   

  12  0:00  Probe (Chrono Boost)  
  13  0:11  Probe (Chrono Boost)  
  14  0:17  Pylon  
  14  0:22  Probe (Chrono Boost)  
  15  0:35  Probe (Chrono Boost), Gateway  
  16  0:44  Assimilator  
  16  0:46  Probe (Chrono Boost)  
  17  0:56  Probe (Chrono Boost)  
  18  1:07  Probe (Chrono Boost)  
  19  1:16  Nexus  
  19  1:25  Cybernetics Core  
  19  1:29  Probe (Chrono Boost)  
  20  1:33  Assimilator  
  20  1:39  Probe (Chrono Boost)  
  21  1:44  Pylon  
  21  1:50  Probe (Chrono Boost)  
  22  1:55  Warp Gate  
  22  2:02  Mothership Core (Chrono Boost)  
  24  2:10  Adept  
  26  2:21  Probe (Chrono Boost)  
  27  2:29  Probe (Chrono Boost)  
  28  2:32  Robotics Facility  
  28  2:33  Probe (Chrono Boost)  
  29  2:40  Probe (Chrono Boost)  
  31  2:45  Probe (Chrono Boost)  
  31  2:50  Probe (Chrono Boost)  
  32  2:57  Probe (Chrono Boost)  
  33  2:59  Gateway x2  
  33  3:01  Probe (Chrono Boost)  
  34  3:09  Probe (Chrono Boost)  
  35  3:14  Probe (Chrono Boost)  
  35  3:15  Warp Prism  
  38  3:21  Probe (Chrono Boost)  
  38  3:25  Pylon  
  40  3:27  Probe (Chrono Boost)  
  40  3:33  Probe (Chrono Boost)  
  41  3:39  Probe (Chrono Boost), Pylon  
  42  3:45  Probe (Chrono Boost), Pylon  
  43  3:49  Observer  
  43  3:52  Probe (Chrono Boost)  
  45  3:57  Stalker  
  45  3:58  Stalker x2  
  45  4:01  Probe (Chrono Boost)  
  53  4:03  Assimilator  
  53  4:04  Probe (Chrono Boost)  
  53  4:08  Assimilator, Observer  
  53  4:11  Pylon  
  53  4:13  Probe (Chrono Boost)  
  53  4:16  Probe (Chrono Boost)  
  56  4:21  Stalker x3  
  60  4:46  Stalker x3  
  60  4:48  Probe x2 (Chrono Boost)  
  68  4:55  Robotics Bay  
  68  5:02  Probe x2 (Chrono Boost)  
  68  5:03  Pylon  
  70  5:09  Adept x3  
  76  5:16  Probe (Chrono Boost)  
  76  5:17  Probe (Chrono Boost)  
  78  5:30  Adept  
  78  5:31  Adept x2  
  78  5:35  Extended Thermal Lance  
  78  5:38  Colossus  
  68  5:49  Probe x2 (Chrono Boost)  
  68  5:54  Adept x3  
  74  6:07  Gateway  
  74  6:08  Gateway  
  74  6:10  Gateway  
  74  6:17  Stalker x2  
  74  6:18  Stalker  
  80  6:24  Pylon x2  
  80  6:25  Colossus  
  80  6:38  Nexus  
  86  6:53  Sentry  
  86  6:54  Stalker, Sentry  
  92  7:02  Pylon  
  92  7:04  Probe x2 (Chrono Boost), Pylon  
  93  7:11  Forge  
  93  7:14  Forge  
  93  7:15  Stalker x3  
  99  7:18  Colossus  
  105  7:34  Adept x2  
  109  7:39  Pylon  
  105  7:44  Protoss Ground Weapons Level 1, Protoss Ground Armor Level 1  
  85  7:53  Stalker  
  87  8:03  Probe x3 (Chrono Boost)  
  90  8:07  Assimilator  
  90  8:08  Assimilator  
  90  8:10  Pylon  
  90  8:12  Twilight Council  
  90  8:15  Stalker, Sentry  
  97  8:20  Probe (Chrono Boost)  
  97  8:21  Probe x2 (Chrono Boost)  
  97  8:23  Pylon  
  97  8:24  Stalker x2  
  101  8:27  Stalker  
  101  8:33  Probe x3 (Chrono Boost), Disruptor  
  106  8:41  Zealot x2  
  113  8:43  Zealot  
  115  8:51  Probe (Chrono Boost)  
  115  8:53  Zealot x3  
  108  9:06  Zealot x3, Disruptor  
  106  9:15  Blink  
  109  9:19  Stalker x3  
  109  9:34  Stalker, Sentry  
  109  9:35  Stalker  
  109  9:37  Disruptor  
  118  9:52  Stalker x3  
  124  9:54  Protoss Ground Armor Level 2, Protoss Ground Weapons Level 2  
  124  9:58  Pylon  
  124  9:59  Pylon  
  124  10:00  Pylon  
  124  10:01  Adept x3  
  130  10:08  Disruptor  
  133  10:22  Pylon  
  133  10:23  Pylon  
  133  10:26  Pylon  
  133  10:34  Stalker x5  
  142  10:37  Stalker  
  144  10:44  Observer  
  141  11:02  Stalker x5  
  141  11:03  Stalker  
  153  11:06  Pylon  
  151  11:16  Resonating Glaives  
  148  11:31  Stalker x2, Nexus  
  150  11:33  Adept x4  
  153  11:46  Disruptor  
  149  11:49  Pylon  
  152  11:58  Stalker x4  
  152  11:59  Stalker  
  152  12:00  Adept  
  164  12:03  Pylon  
  123  12:26  Stalker x6  
  129  12:34  Disruptor  
  114  12:44  Gateway  
  114  12:45  Gateway  
  117  12:53  Stalker x3  
  120  13:05  Disruptor  
  105  13:15  Adept x3  
  105  13:17  Adept x2  
  105  13:20  Adept  
  105  13:39  Adept x2  
  105  13:40  Stalker x2, Adept  
  105  13:41  Stalker  
  107  13:42  Disruptor  
  107  13:43  Probe (Chrono Boost)  
  98  14:00  Sentry x3  
  101  14:13  Colossus  
  97  14:18  Adept x3  
  97  14:22  Adept  
  97  14:23  Adept x2  
  115  14:30  Adept x2  
  117  14:49  Stalker x3  
  117  14:50  Stalker  
  124  15:02  Colossus  
  118  15:08  Adept x4  
  130  15:17  Stalker x2  
  134  15:22  Adept x2  
  138  15:29  Assimilator  
  138  15:33  Assimilator  
  138  15:43  Stalker x4  
  138  15:44  Stalker  
  148  15:53  Adept x2  
  148  15:54  Adept  
  150  16:10  Adept  
  150  16:11  Adept x4  
  129  16:20  Adept x2  
  129  16:21  Adept x4  

Tags
 
Add a new tag
Caveats
  • Supply blocks, unpowered buildings, or Contaminate may cause inaccurate times.
  • Supply counts are checked every 10 seconds.